 Dungeon Crawl Stone Soup version 0.21.1-1-g345015f (webtiles) character file.

1318 Mirai the Covert (level 8, -5/45 HPs)
             Began as a Kobold Enchanter on Apr 28, 2018.
             Killed by divine providence
             ... invoked by an orc priest
              (14 damage)
             ... on level 5 of the Dungeon.
             The game lasted 00:17:08 (5755 turns).

Mirai the Covert (Kobold Enchanter)                 Turns: 5755, Time: 00:17:08

Health: -5/45      AC:  5    Str:  6    XL:     8   Next: 90%
Magic:  12/12      EV: 16    Int: 16    God:
Gold:   160        SH:  0    Dex: 15    Spells: 7/15 levels left

rFire    . . .     SeeInvis .   a - +1 dagger
rCold    . . .     Gourm    .   (shield restricted)
rNeg     . . .     Faith    .   g - +0 leather armour (curse)
rPois    .         Spirit   .   q - +1 helmet
rElec    +         Reflect  .   (no cloak)
rCorr    .         Harm     .   (no gloves)
MR       .....                  (no boots)
Stlth    ++++......             (no amulet)
HPRegen  0.15/turn              (no ring)
MPRegen  0.13/turn              (no ring)

@: no status effects
A: small, blink, carnivore, clumsy 1, low mp 1, electricity resistance
a: Blink


You were on level 5 of the Dungeon.
You were very full.

You visited 2 branches of the dungeon, and saw 6 of its levels.

You collected 160 gold pieces.

Inventory:

Hand Weapons
 a - a +1 dagger (weapon)
Armour
 b - a +0 robe
 g - a cursed +0 leather armour (worn)
 o - a +0 shield
 q - a +1 helmet (worn)
Wands
 e - a wand of flame (35)
 k - a wand of polymorph (10)
 s - a wand of paralysis (28)
Scrolls
 f - a scroll of teleportation
 j - 7 scrolls of identify
 l - a scroll of enchant armour
 t - a scroll of blinking
Potions
 m - a potion of curing
Books
 c - a book of Maledictions

   Spells                             Type                      Level
   a - Corona                         Hexes                        1
   b - Ensorcelled Hibernation        Hexes/Ice                    2
   c - Confuse                        Hexes                        3
   d - Tukima's Dance                 Hexes                        3
   e - Dazzling Spray                 Conjuration/Hexes            3
Comestibles
 d - 9 rations


   Skills:
 + Level 2.9 Fighting
 + Level 4.9 Short Blades
 + Level 0.2 Armour
 + Level 5.0 Dodging
 * Level 8.7 Stealth
 + Level 4.2 Spellcasting
 + Level 4.7 Hexes
 + Level 2.7 Ice Magic


You had 7 spell levels left.
You knew the following spells:

 Your Spells              Type           Power        Failure   Level  Hunger
a - Ensorcelled Hibernat  Hex/Ice        ###...       9%          2    ##.....
b - Confuse               Hex            ###.....     11%         3    ###....
c - Tukima's Dance        Hex            ###.....     11%         3    ###....


Dungeon Overview and Level Annotations

Branches:
Dungeon (5/15)             Temple (1/1) D:4

Altars:
Cheibriados
Elyvilon
Fedhas
Gozag
Kikubaaqudgha
Qazlal
Ru
Sif Muna
Trog
Vehumet
Wu Jian
Yredelemnul


Innate Abilities, Weirdness & Mutations

You are small and have problems with some larger weapons.
You are carnivorous and can eat meat at any time.
You can translocate small distances at will.
You are clumsy. (Dex -2)
Your magical capacity is low. (-10% MP)
You are resistant to electric shocks. (rElec)


Message History

You hit the orc.
You kill the orc!
The orc hits you but does no damage.
Things that are here:
a dagger; an orc corpse You hit the orc.
The orc is moderately wounded.
The orc hits you with a falchion.
You hit the orc.
The orc is moderately wounded.
You hit the orc.
The orc is severely wounded.
The orc priest calls down the wrath of Beogh upon you.
Pain shoots through your body!
* * * LOW HITPOINT WARNING * * *
You hit the orc.
You kill the orc!
The orc priest calls down the wrath of Beogh upon you.
Beogh smites you!
You die...

#...# #.# ##'##
##.## ####.### #.#
#......# #.#
#.##.#.## ##.##
#.##....###...######
#.......##..........
######...##...#.##..
######.#........####
#.)@.....###.##.#
#o######## #.##.#
#.# #.##.#
#.##########.##.#
#.#.P..!.....####
#.♣.≈≈♣..# #.#
#.≈♣≈≈.≈# #.#
#♣≈.≈≈≈≈♣ #.#
#..≈≈≈o.....


You could see an orc priest.

Vanquished Creatures
  The ghost of Roran the Poker, a novice NaCK of Xom (D:4)
  Sigmund (D:2)
  2 phantoms
  A centaur (D:5)
  A wyvern skeleton (D:5)
  A crimson imp (D:5)
  An orc priest (D:5)
  A centaur skeleton (D:5)
  Jessica (D:2)
  2 iguanas
  An orc wizard (D:5)
  3 worker ants
  A hound skeleton (D:4)
  Robin (D:3)
  4 gnolls
  8 adders
  A shadow imp (D:5)
  An ooze (D:2)
  3 worms
  2 dart slugs (D:1)
  3 leopard geckos
  8 orcs
  4 giant cockroaches
  18 goblins
  7 hobgoblins
  4 jackals (D:4)
  A quokka (D:4)
  A ball python (D:1)
  12 bats
  4 frilled lizards
  8 kobolds
  5 rats
112 creatures vanquished.

Notes
Turn   | Place    | Note
-------+----------+-------------------------------------------
     0 | D:1      | Mirai the Kobold Enchanter began the quest for the Orb.
     0 | D:1      | Reached XP level 1. HP: 10/10 MP: 3/3
   103 | D:1      | Reached XP level 2. HP: 13/15 MP: 5/5
   171 | D:1      | Learned a level 2 spell: Ensorcelled Hibernation
   311 | D:1      | Reached XP level 3. HP: 19/19 MP: 6/6
   316 | D:1      | Learned a level 3 spell: Confuse
   835 | D:2      | Reached skill level 5 in Stealth
   856 | D:2      | Reached XP level 4. HP: 15/24 MP: 2/7
  1412 | D:2      | Noticed a phantom
  1467 | D:3      | Noticed Robin
  1483 | D:2      | Reached XP level 5. HP: 14/28 MP: 4/9
  1515 | D:2      | Killed a phantom
  1515 | D:2      | Reached skill level 6 in Stealth
  1627 | D:2      | Learned a level 3 spell: Tukima's Dance
  1631 | D:2      | Reached XP level 6. HP: 17/32 MP: 10/10
  1856 | D:2      | Found a stormy altar of Qazlal.
  1913 | D:2      | Noticed Jessica
  1919 | D:2      | Killed Jessica
  1922 | D:2      | Noticed Sigmund
  1925 | D:2      | Killed Sigmund
  1925 | D:2      | Reached skill level 1 in Fighting
  1925 | D:2      | Reached XP level 7. HP: 38/38 MP: 8/11
  1934 | D:2      | Reached skill level 1 in Ice Magic
  1960 | D:2      | Found a bloodstained altar of Trog.
  2741 | D:3      | Killed Robin
  3057 | D:3      | Reached skill level 7 in Stealth
  3478 | D:4      | Found a staircase to the Ecumenical Temple.
  3491 | Temple   | Entered the Ecumenical Temple
  3812 | D:4      | Noticed Roran's ghost (novice NaCK)
  3863 | D:4      | Gained mutation: Your magical capacity is low. (-10% MP) [potion of mutation]
  3863 | D:4      | Gained mutation: You can translocate small distances at will. [potion of mutation]
  3863 | D:4      | Gained mutation: You are clumsy. (Dex -2) [potion of mutation]
  3863 | D:4      | Gained mutation: You are resistant to electric shocks. (rElec) [potion of mutation]
  4868 | D:4      | Killed Roran's ghost
  4868 | D:4      | Reached skill level 8 in Stealth
  4868 | D:4      | Reached XP level 8. HP: 39/44 MP: 3/12
  4965 | D:5      | Entered Level 5 of the Dungeon
  5259 | D:5      | Found an ornate altar of the Wu Jian Council.
  5603 | D:5      | Reached skill level 5 in Dodging
  5755 | D:5      | Killed from afar by an orc priest

Skill      XL: |  1  2  3  4  5  6  7  8 |
---------------+-------------------------+-----
Short Blades   | 2 3 4 |  4.9
Stealth        | 5 6 8 |  8.7
Dodging        | 3 4 5 |  5.0
Spellcasting   | 3 4 |  4.2
Fighting       | 1 2 |  2.9
Ice Magic      | 2 |  2.7
Hexes          | 4 |  4.7
Armour         | |  0.2

Action                   |  1- 3 |  4- 6 |  7- 9 || total
-------------------------+-------+-------+-------++-------
Melee: Dagger            |    81 |    85 |   370 ||   536
 Cast: Ensorcelled Hiber |     2 |    10 |    33 ||    45
       Corona            |     1 |       |       ||     1
       Confuse           |       |     6 |    11 ||    17
  Use: Potion            |       |     2 |     7 ||     9
       Scroll            |       |       |     9 ||     9
 Stab: Sleeping          |    13 |     8 |    31 ||    52
       Invisible         |       |     1 |       ||     1
       Confused          |       |       |     8 ||     8
  Eat: Chunk             |     8 |     4 |    15 ||    27
Armor: Robe              |    15 |    10 |    36 ||    61
       Skin              |       |       |    16 ||    16
       Leather armour    |       |       |     5 ||     5
Dodge: Dodged            |    57 |    73 |   261 ||   391
